 Dungeon Crawl Stone Soup version 0.22.1-2-g9c5b331 (webtiles) character file.

8582 Fang the Cleaver (level 11, -2/103 HPs)
             Began as a Gargoyle Berserker on Nov 26, 2018.
             Was a High Priest of Trog.
             Killed from afar by a gargoyle (3 damage)
             ... with a stone arrow
             ... on level 11 of the Dungeon.
             The game lasted 00:11:56 (9329 turns).

Fang the Cleaver (Gargoyle Berserker)               Turns: 9329, Time: 00:11:56

Health: -2/103     AC: 26    Str: 30    XL:     11   Next: 33%
Magic:  0/11       EV:  9    Int:  9    God:    Trog [*****.]
Gold:   707        SH:  0    Dex:  9    Spells: 10/10 levels left

rFire    . . .     SeeInvis .   D - +2 executioner's axe (freeze)
rCold    . . .     Gourm    .   (shield currently unavailable)
rNeg     + . .     Faith    .   a - +1 plate armour {MR+}
rPois    ∞         Spirit   +   t - +2 helmet
rElec    +         Reflect  .   (no cloak)
rCorr    .         Harm     .   (no gloves)
MR       +....                  (no boots)
Stlth    ..........             A - amulet of guardian spirit
HPRegen  0.27/turn              q - +2 ring of strength
MPRegen  0.12/turn              j - ring of stealth

@: berserking, marked, very quick
A: negative energy resistance 1, electricity resistance, unbreathing,
petrification resistance, rot immunity, AC +8
a: Berserk, Trog's Hand, Brothers in Arms, Renounce Religion


You were on level 11 of the Dungeon.
You worshipped Trog.
Trog was extremely pleased with you.
You were very hungry.

You visited 2 branches of the dungeon, and saw 12 of its levels.
You also visited: Ossuary.

You collected 707 gold pieces.

Inventory:

Hand Weapons
 C - a +0 war axe
 D - a +2 executioner's axe of freezing (weapon)
Armour
 a - a +1 plate armour of magic resistance (worn)
 t - a +2 helmet (worn)
Jewellery
 d - an uncursed ring of stealth
 j - a ring of stealth (right hand)
 q - a +2 ring of strength (left hand)
 s - an uncursed ring of magical power
 y - an uncursed amulet of regeneration
 A - an amulet of guardian spirit (around neck)
Wands
 k - a wand of polymorph (39)
 v - a wand of random effects (27)
 w - a wand of scattershot (6)
 B - a wand of flame (16)
Scrolls
 e - 4 scrolls of fear
 f - 4 scrolls of magic mapping
 h - 5 scrolls of teleportation
 r - 2 scrolls of remove curse
 z - a scroll of enchant weapon
 H - a scroll of vulnerability {unknown}
Potions
 b - 3 potions of flight
 g - 6 potions of might
 i - 3 potions of agility
 l - 4 potions of haste
 m - a potion of lignification
 n - 3 potions of cancellation
 o - 3 potions of brilliance
 p - 2 potions of berserk rage
 u - 3 potions of heal wounds
 x - 4 potions of curing
 E - a potion of degeneration {unknown}
 F - a potion of magic
 G - 2 potions of mutation {unknown}
Comestibles
 c - 13 rations


   Skills:
 + Level 8.8 Fighting
 + Level 11.9 Axes
 + Level 8.6 Armour
 + Level 3.0 Dodging
 + Level 3.4 Stealth
 + Level 0.9 Unarmed Combat


You had 10 spell levels left.
You didn't know any spells.
Your spell library was empty.

Dungeon Overview and Level Annotations

Branches:
Dungeon (11/15)            Temple (1/1) D:6
   Lair: D:8-11         Orc: D:9-12

Altars:
Ashenzari
Cheibriados
Elyvilon
Gozag
Hepliaklqana
Kikubaaqudgha
Makhleb
Nemelex Xobeh
Okawaru
Qazlal
Ru
Sif Muna
Trog
Uskayaw
Vehumet
Yredelemnul
Zin

Shops:
D:9 %

Annotations:
D:11 Snorg, Sonja


Innate Abilities, Weirdness & Mutations

You are resistant to torment.
Your stone body is resilient. (AC +8)
You are immune to poison.
You resist negative energy. (rN+)
You are resistant to electric shocks. (rElec)
You can survive without breathing.
You are immune to petrification.
You are immune to rotting.


Message History

Sonja mumbles some strange words.
Sonja blinks!
The hound closely misses you.
A bullfrog skeleton comes into view.
Snorg closely misses you. Snorg completely misses you.
Snorg claws you but does no damage. The wyvern skeleton bites you.
* * * LOW HITPOINT WARNING * * *
Something hits you.
* * * LOW HITPOINT WARNING * * *
The hound barely misses you.
You closely miss Snorg.
Snorg is moderately wounded.
You slice the wyvern skeleton!!
You feel the power of Trog in you as your rage grows.
You destroy the wyvern skeleton!
Trog accepts your kill.
You slice the gargoyle!! You freeze the gargoyle. You closely miss the hound.
You miss something.
Something hits you but does no damage. x2
The gargoyle hurls a stone arrow at you.
The stone arrow hits you!
You die...

#...#.....≈...
#.............
#....≈........
#####...§§........
...?....%........
........../.....
#.....$9†.# #.....h@.#
##≈...{T.#
###########≈≈.....#
...........≈......#
.....>......)...K..#
.........#...........
.......†.#........Z...
.......†.###..≈≈......
.........# ##..≈......


You could see Snorg (berserk), Sonja, a gargoyle, a hound and a bullfrog
skeleton.

Vanquished Creatures
  A two-headed ogre (D:6)
  Erica (D:8)
  An ugly thing (D:11)
  2 guardian serpents (D:9)
  Joseph (D:9)
  A gargoyle (D:8)
  A kobold demonologist (D:8)
  Grinder (D:3)
  2 hornets (D:8)
  3 hippogriffs
  2 wyverns
  A human (D:9)
  A hungry ghost (D:8)
  Menkaure (Ossuary)
  3 orc warriors
  A sky beast (D:6)
  2 ice beasts
  An eye of draining (D:10)
  2 black bears
  A necrophage (D:4)
  A phantom (D:4)
  6 ogres
  A centaur (D:9)
  4 bullfrogs
  A gnoll sergeant (D:3)
  A wyvern skeleton (D:11)
  2 scorpions (D:5)
  6 killer bees (D:7)
  3 howler monkeys (D:9)
  A bullfrog zombie (D:7)
  5 crimson imps
  A quasit (D:10)
  3 hounds
  A jelly (D:7)
  3 orc priests
  3 bullfrog skeletons
  A centaur skeleton (D:9)
  Jessica (D:3)
  Ijyb (D:5)
  5 iguanas
  8 orc wizards
  8 worker ants
  3 mummies (Ossuary)
  4 gnolls (D:3)
  6 adders
  A shadow imp (D:8)
  2 oozes (D:2)
  2 adder zombies
  A worm (D:2)
  3 leopard geckos
  27 orcs
  A ball python (D:1)
  6 bats
  6 giant cockroaches
  2 gnoll zombies (Ossuary)
  5 goblins
  A hobgoblin (D:3)
  20 jackals
  2 quokkas
  2 frilled lizards (D:3)
  5 gnoll skeletons (Ossuary)
  2 goblin skeletons (Ossuary)
  2 goblin zombies (Ossuary)
  2 hobgoblin skeletons (Ossuary)
  2 hobgoblin zombies (Ossuary)
  A jackal skeleton (D:4)
  6 kobolds
  4 kobold skeletons (Ossuary)
  4 kobold zombies (Ossuary)
  2 orc skeletons (Ossuary)
  2 orc zombies (Ossuary)
  A quokka skeleton (D:4)
  A quokka zombie (D:8)
  9 rats
  2 rat skeletons (Ossuary)
  3 rat zombies
237 creatures vanquished.

Vanquished Creatures (others)
  3 gnoll zombies (Ossuary)
  A gnoll skeleton (Ossuary)
  3 goblin skeletons (Ossuary)
  3 goblin zombies (Ossuary)
  A hobgoblin skeleton (Ossuary)
  2 hobgoblin zombies (Ossuary)
  A kobold skeleton (Ossuary)
  2 orc skeletons (Ossuary)
  3 orc zombies (Ossuary)
19 creatures vanquished.

Grand Total: 256 creatures vanquished

Notes
Turn   | Place    | Note
-------+----------+-------------------------------------------
     0 | D:1      | Fang the Gargoyle Berserker began the quest for the Orb.
     0 | D:1      | Reached XP level 1. HP: 14/14 MP: 1/1
    78 | D:1      | Reached XP level 2. HP: 9/19 MP: 2/2
   316 | D:1      | Reached skill level 3 in Axes
   828 | D:2      | Reached XP level 3. HP: 23/24 MP: 3/3
   868 | D:2      | Reached ** piety under Trog
  1188 | D:2      | Found a basalt altar of Yredelemnul.
  1526 | D:3      | Reached XP level 4. HP: 25/29 MP: 4/4
  1622 | D:3      | Noticed Jessica
  1623 | D:3      | Found an opulent altar of Gozag.
  1635 | D:3      | Killed Jessica
  1746 | D:3      | Noticed Grinder
  1775 | D:3      | Paralysed by Grinder for 6 turns
  1828 | D:3      | Killed Grinder
  1828 | D:3      | Reached skill level 4 in Axes
  1828 | D:3      | Reached skill level 1 in Stealth
  1828 | D:3      | Reached XP level 5. HP: 12/34 MP: 5/5
  1828 | D:3      | Reached XP level 6. HP: 13/39 MP: 6/6
  2088 | D:3      | HP: 1/60 [gnoll/halberd (9)]
  3017 | D:4      | Reached skill level 5 in Fighting
  3017 | D:4      | Reached skill level 5 in Axes
  3017 | D:4      | Reached XP level 7. HP: 41/44 MP: 7/7
  3048 | D:4      | Found a stormy altar of Qazlal.
  3593 | D:4      | Found an iron altar of Okawaru.
  3647 | D:4      | Found a radiant altar of Vehumet.
  3751 | D:4      | Found a white marble altar of Elyvilon.
  3752 | D:4      | Found a snail-covered altar of Cheibriados.
  3753 | D:4      | Found a sacrificial altar of Ru.
  3753 | D:4      | Found a hazy altar of Hepliaklqana.
  3755 | D:4      | Found an ancient bone altar of Kikubaaqudgha.
  3859 | D:5      | Entered Level 5 of the Dungeon
  4230 | D:5      | Reached skill level 6 in Axes
  4230 | D:5      | Reached XP level 8. HP: 49/49 MP: 8/8
  4429 | D:5      | Found a sparkling altar of Nemelex Xobeh.
  4444 | D:5      | Noticed Ijyb
  4453 | D:5      | Killed Ijyb
  4729 | D:5      | Reached *** piety under Trog
  5040 | D:6      | Reached skill level 5 in Armour
  5077 | D:6      | Reached skill level 7 in Axes
  5123 | D:6      | Found a staircase to the Ecumenical Temple.
  5165 | Temple   | Entered the Ecumenical Temple
  5181 | D:6      | Noticed a two-headed ogre
  5192 | D:6      | Killed a two-headed ogre
  5192 | D:6      | Reached skill level 8 in Axes
  5192 | D:6      | Reached XP level 9. HP: 6/56 MP: 0/9
  5255 | D:6      | Found a glowing silver altar of Zin.
  5666 | D:7      | Found a glowing silver altar of Zin.
  5741 | D:7      | Reached skill level 9 in Axes
  6138 | D:7      | Found a hide-covered altar of Uskayaw.
  6331 | D:8      | Noticed a hornet
  6333 | D:8      | Reached **** piety under Trog
  6350 | D:8      | Killed a hornet
  6396 | D:8      | Found a shattered altar of Ashenzari.
  6420 | D:8      | Found a sand-covered staircase.
  6434 | Ossuary  | Entered an ossuary
  6671 | Ossuary  | Noticed Menkaure
  6674 | Ossuary  | Killed Menkaure
  6674 | Ossuary  | Reached XP level 10. HP: 63/63 MP: 10/10
  6740 | D:8      | Noticed Erica
  6786 | D:8      | Killed Erica
  6786 | D:8      | Reached skill level 10 in Axes
  7026 | D:8      | Paralysed by fainting for 8 turns
  7058 | D:8      | Noticed a gargoyle
  7063 | D:8      | Killed a gargoyle
  7072 | D:8      | Reached ***** piety under Trog
  7206 | D:8      | Noticed a kobold demonologist
  7211 | D:8      | Noticed an orange demon
  7215 | D:8      | Killed a kobold demonologist
  7369 | D:9      | Identified a scroll of acquirement
  7408 | D:9      | Found Xap Moim's Food Shop.
  7514 | D:9      | Noticed a guardian serpent
  7521 | D:9      | Killed a guardian serpent
  7552 | D:9      | Noticed Joseph
  7562 | D:9      | Killed Joseph
  7562 | D:9      | Reached skill level 11 in Axes
  7589 | D:9      | Found a runed door.
  7632 | D:9      | Noticed a guardian serpent
  7639 | D:9      | Killed a guardian serpent
  7639 | D:9      | Reached XP level 11. HP: 65/69 MP: 11/11
  8259 | D:9      | Received a gift from Trog
  8440 | D:10     | Entered Level 10 of the Dungeon
  8581 | D:10     | Found a deep blue altar of Sif Muna.
  9318 | D:11     | Noticed a green ugly thing
  9320 | D:11     | Noticed Sonja
  9321 | D:11     | Noticed Snorg
  9328 | D:11     | Killed a green ugly thing
  9328 | D:11     | HP: 4/103 [wyvern skeleton (6)]
  9328 | D:11     | HP: 1/103 [something (3)]
  9329 | D:11     | Killed from afar by a gargoyle

Skill      XL: |  1  2  3  4  5  6  7  8  9 10 |
---------------+-------------------------------+-----
Axes           | 3 4 5 6 8 9 11 | 11.9
Fighting       | 4 5 6 7 8 |  8.8
Dodging        | 2 3 |  3.0
Armour         | 3 4 5 7 8 |  8.6
Stealth        | 1 2 3 |  3.4
Unarmed Combat | |  0.9

Action                   |  1- 3 |  4- 6 |  7- 9 | 10-12 || total
-------------------------+-------+-------+-------+-------++-------
Melee: Hand axe          |   114 |    95 |   144 |       ||   353
       War axe           |    31 |       |   211 |   114 ||   356
       Unarmed           |       |     6 |       |       ||     6
       Executioner's axe |       |       |       |   181 ||   181
       Punch             |       |       |       |     1 ||     1
Invok: Berserk           |       |     1 |     2 |     3 ||     6
  Use: Scroll            |     8 |       |     8 |    13 ||    29
 Stab: Sleeping          |     2 |       |       |       ||     2
       Confused          |       |     2 |       |       ||     2
  Eat: Chunk             |     2 |     3 |     9 |     8 ||    22
       Ration            |       |     1 |     1 |     2 ||     4
Armor: Animal skin       |    45 |       |       |       ||    45
       Chain mail        |    31 |    52 |   169 |       ||   252
       Skin              |       |     1 |       |       ||     1
       Plate armour      |       |       |   148 |   311 ||   459
Dodge: Dodged            |   103 |    44 |   186 |   132 ||   465
